 Dungeon Crawl Stone Soup version 0.18-a0-1683-gf9322e6 (webtiles) character file.

452 namelastname112 the Skirmisher (level 6, 0/52 HPs)
             Began as a Draconian Berserker on Apr 3, 2016.
             Was a Believer of Trog.
             Slain by a scorpion (5 damage)
             ... on level 4 of the Dungeon.
             The game lasted 00:03:23 (2740 turns).

namelastname112 the Skirmisher (DrBe)               Turns: 2740, Time: 00:03:24

Health: 0/52       AC:  7    Str: 19    XL:     6   Next: 75%
Magic:  0/6        EV: 13    Int:  7    God:    Trog [**....]
Gold:   221        SH:  0    Dex: 13    Spells: 0 memorised, 5 levels left

rFire  . . .     SeeInvis .     a - +0 falchion
rCold  . . .     Gourm    .     (armour unavailable)
rNeg   . . .     Faith    .     (no shield)
rPois  .         Spirit   +     (helmet restricted)
rElec  .         Dismiss  .     r - +0 cloak
rCorr  .         Reflect  .     (no gloves)
SustAt .         Harm     .     (no boots)
MR     .....                    s - amulet of guardian spirit
Stlth  +.........               (no ring)
                                v - ring of loudness (curse)

@: lethally poisoned (0 -> -1), not resistant to hostile enchantments, very
unstealthy
A: unfitting armour, cold-blooded, AC +6
a: Berserk, Trog's Hand, Burn Spellbooks, Renounce Religion


You were on level 4 of the Dungeon.
You worshipped Trog.
Trog was pleased with you.
You were hungry.

You visited 1 branch of the dungeon, and saw 4 of its levels.

You collected 221 gold pieces.

Inventory:

Hand Weapons
 a - a +0 falchion (weapon)
 m - a +0 short sword
Missiles
 j - a throwing net (quivered)
 y - 5 curare-tipped needles
Armour
 r - a +0 cloak (worn)
Jewellery
 s - an amulet of guardian spirit (around neck)
 v - a cursed ring of loudness (left hand)
Wands
 x - a wand of iceblast (6/15)
Scrolls
 c - 5 scrolls of identify {unknown}
 g - 2 scrolls of magic mapping {unknown}
 h - a scroll of teleportation {unknown}
 i - a scroll of enchant weapon {unknown}
 k - 3 scrolls of remove curse {unknown}
 l - 2 scrolls of immolation {unknown}
 t - 2 scrolls of fear {unknown}
 w - a scroll of fog {unknown}
Potions
 d - a potion of degeneration {unknown}
 e - a potion of haste {unknown}
 n - a potion of curing {unknown}
 o - 2 potions of cancellation {unknown}
 p - a potion of agility {unknown}
 u - a potion of resistance {unknown}
Comestibles
 b - 2 bread rations
 f - 5 meat rations
 q - a fruit


   Skills:
 + Level 4.2 Fighting
 * Level 3.8(4.4) Short Blades
 - Level 3.3(4.2) Long Blades
 + Level 3.9 Dodging
 * Level 3.6 Stealth


You had 5 spell levels left.
You didn't know any spells.

Dungeon Overview and Level Annotations

Branches:
Dungeon (4/15)
 Temple: D:4-7

Altars:
Dithmenos
Fedhas
Kikubaaqudgha
Okawaru
Ru
Trog
Vehumet


Innate Abilities, Weirdness & Mutations

Your plain brown scales are hard (AC +6).
Your body does not fit into most forms of armour.
You are cold-blooded and may be slowed by cold attacks.


Message History

You are too injured to fight recklessly!
Unknown command.
You barely miss the scorpion.
The scorpion is heavily wounded.
You feel sick. The scorpion closely misses you.
You hit the scorpion but do no damage.
The scorpion is heavily wounded.
The scorpion misses you.
You hit the scorpion.
Your tail-slap misses the scorpion.
The scorpion is heavily wounded.
The scorpion barely misses you.
You slash the scorpion!
The scorpion is almost dead.
You feel sick. The scorpion stings you!
* * * LOW HITPOINT WARNING * * *
The scorpion closely misses you.
You barely miss the scorpion.
The scorpion is severely wounded.
The scorpion stings you.
You die...

.....#
#...................
.....#
#........######.....
##...# #.....)..#
..... #...#
#........# ....
#...# #........#
.... #...#
#........# #...#
#........# #...#
#........#### #...#
#.......@..<# #...#
####....s...# #####
#..).....#
#........#
#.......?#
#........#
#........#
#........#


You could see a scorpion.

Vanquished Creatures
  Sigmund (D:3)
  Crazy Yiuf (D:3)
  Natasha (thrice) (D:2)
  2 worker ants
  9 adders
  An ooze (D:3)
  A worm (D:2)
  A dart slug (D:1)
  3 giant geckos
  3 orcs
  3 giant cockroaches
  6 goblins
  4 hobgoblins
  6 jackals (D:3)
  A quokka (D:2)
  A ball python (D:3)
  4 bats
  6 giant newts
  A kobold (D:3)
  7 rats
64 creatures vanquished.

Notes
Turn   | Place    | Note
--------------------------------------------------------------
     0 | D:1      | namelastname112 the Draconian Berserker began the quest for the Orb.
     0 | D:1      | Reached XP level 1. HP: 19/19 MP: 1/1
   117 | D:1      | Reached XP level 2. HP: 16/26 MP: 2/2
   816 | D:2      | Found a bloodstained altar of Trog.
   866 | D:2      | Noticed Natasha
   869 | D:2      | Noticed a crimson imp
   871 | D:2      | Noticed a crimson imp
   879 | D:2      | Killed Natasha
   879 | D:2      | Reached ** piety under Trog
   879 | D:2      | Reached skill level 1 in Short Blades
   879 | D:2      | Reached skill level 1 in Stealth
   879 | D:2      | Reached XP level 3. HP: 13/33 MP: 3/3
  1141 | D:2      | Noticed Natasha
  1152 | D:2      | Killed Natasha
  1152 | D:2      | Reached XP level 4. HP: 33/40 MP: 4/4
  1286 | D:2      | Noticed Natasha
  1302 | D:2      | Killed Natasha
  1642 | D:3      | Reached XP level 5. HP: 26/46 MP: 2/5
  1678 | D:3      | Reached skill level 4 in Fighting
  1744 | D:3      | Found a radiant altar of Vehumet.
  2055 | D:3      | Found a shadowy altar of Dithmenos.
  2075 | D:3      | Noticed Crazy Yiuf
  2080 | D:3      | Killed Crazy Yiuf
  2207 | D:3      | Noticed Sigmund
  2225 | D:3      | Killed Sigmund
  2225 | D:3      | Reached XP level 6. HP: 35/52 MP: 3/6
  2610 | D:4      | Found a blossoming altar of Fedhas.
  2613 | D:4      | Found an iron altar of Okawaru.
  2616 | D:4      | Found an ancient bone altar of Kikubaaqudgha.
  2684 | D:4      | Found a sacrificial altar of Ru.
  2740 | D:4      | Slain by a scorpion

Vault maps used:
D:1:      minmay_arrival_five_plusses
D:2:      nicolae_overflow_crystal_walls, minmay_misc_feat_alley, uniq_natasha
D:3:      kennysheep_big_flooded_room, lemuel_doored_altar,
          nicolae_dithmenos_through_a_glass_darkly, uniq_sigmund,
          uniq_crazy_yiuf_cottage
D:4:      nicolae_ru_awakened_eye, grunt_temple_overflow_diamond, first_bread,
          moated_statue, minmay_statues_item

Skill      XL: |  1  2  3  4  5 |
---------------+----------------+-----
Dodging        | 3 |  3.9
Short Blades   | 1 2 3 |  3.8
Stealth        | 1 2 3 |  3.6
Fighting       | 4 |  4.2
Long Blades    | |  3.3

Action                   |  1- 3 |  4- 6 || total
-------------------------+-------+-------++-------
Melee: Falchion          |    74 |   214 ||   288
Invok: Berserk           |     1 |     3 ||     4
       Trog's Hand       |       |     3 ||     3
 Stab: Sleeping          |     2 |     3 ||     5
  Eat: Chunk             |     1 |     7 ||     8
       Fruit             |       |     2 ||     2
